 Dungeon Sprint DCSS version 0.19.1 (webtiles) character file.

422 dvd the Grappler (level 6, -3/71 HPs)
             Began as a Troll Berserker on Dec 14, 2016.
             Was a Believer of Trog.
             Slain by Sonja
             ... wielding a +2 short sword of distortion
              (23 damage)
             ... in the Dungeon (Sprint I: "Red Sonja").
             The game lasted 00:01:33 (214 turns).

dvd the Grappler (Troll Berserker)                   Turns: 214, Time: 00:01:34

Health: -3/71      AC:  5    Str: 26    XL:     6   Next: 63%
Magic:  5/5        EV: 13    Int:  3    God:    Trog [**....]
Gold:   308        SH:  0    Dex: 11    Spells: 0 memorised, 5 levels left

rFire  . . .     SeeInvis .       - Unarmed
rCold  . . .     Gourm    +     a - +0 animal skin
rNeg   . . .     Faith    .     (no shield)
rPois  .         Spirit   .     (helmet restricted)
rElec  .         Reflect  .     (no cloak)
rCorr  .         Harm     .     (gloves unavailable)
MR     .....     NoTele   +     (boots unavailable)
Stlth  +.........               (no amulet)
                                (no ring)
                                (no ring)

@: exhausted, slowed, very slow
A: unfitting armour, claws 3, fast metabolism 3, gourmand, regeneration 1,
shaggy fur 1, tough skin 2
a: Berserk, Trog's Hand, Burn Spellbooks, Renounce Religion


You were in the Dungeon.
You worshipped Trog.
Trog was pleased with you.
You were very full.

You visited 1 branch You collected 308 gold pieces.

Inventory:

Missiles
 j - a curare-tipped needle
Armour
 a - a +0 animal skin (worn)
Scrolls
 h - a scroll of blinking
Potions
 d - a potion of heal wounds
 e - a potion of haste
 f - 2 potions of magic
 g - a potion of berserk rage
 i - a potion of brilliance {unknown}
Comestibles
 b - 2 bread rations


   Skills:
 + Level 7.2 Fighting
 + Level 7.1 Dodging
 + Level 9.3 Unarmed Combat


You had 5 spell levels left.
You didn't know any spells.

Dungeon Overview and Level Annotations

Branches:
Dungeon (1/1)

Altars:
Cheibriados
Dithmenos
Elyvilon
Fedhas
Gozag
Hepliaklqana
Kikubaaqudgha
Nemelex Xobeh
Okawaru
Qazlal
Ru
Sif Muna
Trog
Uskayaw
Vehumet
Yredelemnul
Zin
The Shining One

Shops:
D }

Annotations:
D Sonja


Innate Abilities, Weirdness & Mutations

You are too large for most types of armour.
You have claws for hands.
Your metabolism is lightning-fast.
You like to eat raw meat.
Your natural rate of healing is unusually fast.
You are covered in fur. (AC +1)
You have very tough skin. (AC +2)


Message History

The curare-tipped needle hits you.
You are more poisoned.
You have difficulty breathing.
You feel as though you will be slow longer.
You close the door.
You feel sick.
Sonja opens the door.
You miss Sonja.
You feel sick.
Sonja unwields an uncursed blowgun.
Sonja wields an uncursed short sword of distortion.
Its appearance distorts for a moment.
Sonja hits you but does no damage.
Sonja hits you with an uncursed short sword of distortion.
Sonja misses you.
Sonja hits you with an uncursed short sword of distortion.
Sonja closely misses you. Sonja hits you but does no damage.
Space bends around you.
* * * LOW HITPOINT WARNING * * *
You feel better. Sonja hits you but does no damage. Space bends around you.
Sonja barely misses you.
Sonja hits you with an uncursed short sword of distortion.
* * * LOW HITPOINT WARNING * * *
Space warps horribly around you!
You die...

################
#<.#..').#..'..#
#..').#..').#..+
#..#####'#####'#
#..####..#(.(#.#
#..#__####.@##.#
#..#_____##K#..+
#⌠⌠#_.∩...(.(._#
####_..__##_.#'#
#_____###'#)#
####### #.###
$.$ #$.$# ##.##


You could see Sonja.

Vanquished Creatures
  Sigmund (D)
  A yak (D)
  An ogre (D)
  A jelly (D)
  Ijyb (D)
5 creatures vanquished.

Notes
Turn   | Place    | Note
-------+----------+-------------------------------------------
     0 | D        | dvd the Troll Berserker began the quest for the Orb.
     0 | D        | Reached XP level 1. HP: 22/22 MP: 0/0
     1 | D        | Noticed Ijyb
     6 | D        | Killed Ijyb
     6 | D        | Reached skill level 4 in Unarmed Combat
     6 | D        | Reached XP level 2. HP: 31/31 MP: 1/1
    15 | D        | Noticed an ogre
    19 | D        | Killed an ogre
    19 | D        | Reached skill level 6 in Unarmed Combat
    19 | D        | Reached XP level 3. HP: 15/41 MP: 2/2
    19 | D        | Reached XP level 4. HP: 18/49 MP: 3/3
    84 | D        | Noticed Sigmund
    88 | D        | Killed Sigmund
    88 | D        | Reached ** piety under Trog
    88 | D        | Reached skill level 8 in Unarmed Combat
    88 | D        | Reached XP level 5. HP: 61/61 MP: 4/4
   138 | D        | Found a deep blue altar of Sif Muna.
   140 | D        | Found a radiant altar of Vehumet.
   143 | D        | Reached XP level 6. HP: 63/68 MP: 5/5
   163 | D        | Found Suynk's Gadget Emporium.
   163 | D        | Found an ancient bone altar of Kikubaaqudgha.
   163 | D        | Found a hazy altar of Hepliaklqana.
   163 | D        | Found a hide-covered altar of Uskayaw.
   163 | D        | Found a basalt altar of Yredelemnul.
   163 | D        | Found an opulent altar of Gozag.
   163 | D        | Found a snail-covered altar of Cheibriados.
   163 | D        | Found a sacrificial altar of Ru.
   163 | D        | Found a shadowy altar of Dithmenos.
   163 | D        | Noticed a yak
   166 | D        | Killed a yak
   166 | D        | Reached skill level 9 in Unarmed Combat
   167 | D        | Found a stormy altar of Qazlal.
   167 | D        | Found a blossoming altar of Fedhas.
   167 | D        | Found a bloodstained altar of Trog.
   167 | D        | Found an iron altar of Okawaru.
   167 | D        | Found a glowing golden altar of the Shining One.
   167 | D        | Found a glowing silver altar of Zin.
   167 | D        | Found a white marble altar of Elyvilon.
   174 | D        | Found a sparkling altar of Nemelex Xobeh.
   193 | D        | Noticed Sonja
   214 | D        | Slain by Sonja

Skill      XL: |  1  2  3  4  5  6 |
---------------+-------------------+-----
Fighting       | 3 4 6 7 |  7.2
Dodging        | 3 4 6 7 |  7.1
Unarmed Combat | 4 6 8 9 |  9.3

Action                   |  1- 3 |  4- 6 || total
-------------------------+-------+-------++-------
Melee: Unarmed           |     8 |    10 ||    18
Invok: Berserk           |       |     2 ||     2
  Use: Potion            |       |     1 ||     1
  Eat: Chunk             |     3 |     4 ||     7
Armor: Animal skin       |       |     6 ||     6
Dodge: Dodged            |     4 |    10 ||    14
